 Dungeon Crawl Stone Soup version 0.17-a0-2147-gfb20a63 (webtiles) character file.

2482 xeno23 the Arsonist (level 9, -5/60 HPs)
             Began as a Tengu Fire Elementalist on Oct 20, 2015.
             Was an Initiate of Makhleb.
             Slain by a gnoll
             ... wielding a +0 halberd
              (14 damage)
             ... on level 7 of the Dungeon on Oct 24, 2015.
             The game lasted 00:53:31 (6885 turns).

xeno23 the Arsonist (Tengu Fire Elementalist)       Turns: 6885, Time: 00:53:31

Health: -5/60      AC:  5    Str:  8    XL:     9   Next: 52%
Magic:  6/13       EV:  7    Int: 19    God:    Makhleb [......]
Gold:   371        SH:  0    Dex: 20    Spells: 3 memorised, 4 levels left

rFire  . . .     SeeInvis .     n - +1 dagger (elec)
rCold  . . .     Clarity  .     a - +1 robe
rNeg   . . .     SustAt   .     (no shield)
rPois  .         Gourm    .     (helmet restricted)
rElec  .         Spirit   .     p - +0 cloak
rCorr  .         Warding  .     H - +0 pair of gloves
rMut   .         Stasis   .     (boots unavailable)
MR     .....                    (no amulet)
Stlth  ++........               t - +5 ring of slaying
                                J - +5 ring of dexterity

@: about to teleport, held, not resistant to hostile enchantments, unstealthy
A: beak, talons 3, able to fly 1
a: Fly, Renounce Religion


You were on level 7 of the Dungeon.
You worshipped Makhleb.
Makhleb was noncommittal.
You were not hungry.

You visited 2 branches of the dungeon, and saw 8 of its levels.

You collected 371 gold pieces.

Inventory:

Hand Weapons
 e - a +0 blowgun
 n - a +1 dagger of electrocution (weapon)
 v - a +2 mace of protection
 F - a +3 quarterstaff of chaos
 L - a +0 dagger of flaming
 O - a +0 hunting sling
 R - a +2 dagger of freezing
Missiles
 j - 8 tomahawks (quivered)
 k - 39 sling bullets
 N - a throwing net
Armour
 a - a +1 robe (worn)
 f - a +2 chain mail of cold resistance
 p - a +0 cloak (worn)
 H - a +0 pair of gloves (worn)
Jewellery
 t - a +5 ring of slaying (right hand)
 A - a +3 ring of protection
 G - a +4 ring of strength
 J - a +5 ring of dexterity (left hand)
 M - an uncursed ring of protection from fire
 Q - an uncursed amulet of faith
 W - an uncursed ring of stealth
Wands
 x - a wand of random effects (11)
 y - a wand of flame (38)
 C - a wand of slowing (13)
 I - a wand of digging (14)
Scrolls
 g - 2 scrolls of identify
 i - 3 scrolls of enchant armour
 l - 2 scrolls of teleportation
 o - 5 scrolls of recharging
 s - 2 scrolls of remove curse
 D - 2 scrolls of fog
 V - a scroll of enchant weapon
Potions
 m - a potion of mutation {unknown}
 q - a potion of cancellation {unknown}
 u - 2 potions of might
 w - 3 potions of haste
 z - a potion of flight {unknown}
 B - a potion of lignification {unknown}
 E - 4 potions of brilliance
 K - 2 potions of heal wounds {unknown}
 S - 2 potions of poison {unknown}
 T - a potion of invisibility {unknown}
 U - a potion of agility {unknown}
Books
 b - a book of Flames

   Spells                             Type                      Level
   a - Flame Tongue                   Conjuration/Fire             1
   b - Throw Flame                    Conjuration/Fire             2
   c - Conjure Flame                  Conjuration/Fire             3
   d - Inner Flame                    Hexes/Fire                   3
   e - Sticky Flame                   Conjuration/Fire             4
   f - Fireball                       Conjuration/Fire             5
Comestibles
 c - 4 bread rations
 d - 3 fruits
 h - 3 beef jerkies
 r - 5 meat rations
 P - a slice of pizza
 X - 2 chunks of flesh


   Skills:
 + Level 8.3 Fighting
 - Level 2.1 Dodging
 - Level 2.0 Stealth
 - Level 2.0 Spellcasting
 - Level 5.5 Conjurations
 + Level 9.6 Fire Magic


You had 4 spell levels left.
You knew the following spells:

 Your Spells              Type           Power        Failure   Level  Hunger
a - Flame Tongue          Conj/Fire      ####.        1%          1    #......
d - Conjure Flame         Conj/Fire      ####....     1%          3    ###....
s - Sticky Flame          Conj/Fire      ####....     10%         4    #####..


Dungeon Overview and Level Annotations

Branches:
Dungeon (7/15)             Temple (1/1) D:7

Altars:
Ashenzari
Cheibriados
Dithmenos
Elyvilon
Fedhas
Gozag
Kikubaaqudgha
Makhleb
Nemelex Xobeh
Okawaru
Qazlal
Ru
Sif Muna
Trog
Vehumet
Xom
Yredelemnul
Zin
The Shining One

Annotations:
D:6 1 runed door


Innate Abilities, Weirdness & Mutations

You have a beak for a mouth.
You have claws for feet.
You can fly.


Message History

The gnoll barely misses you. The gnoll hits you but does no damage.
The gnoll hits you with a flail!
* * * LOW HITPOINT WARNING * * *
The gnoll shaman hits you with a whip!
* * * LOW HITPOINT WARNING * * *
You take 16 damage.
Drink which item? (? for menu, Esc to quit)
Okay, then.
Read which item? (? for menu, Esc to quit)
Okay, then.
Read which item? (? for menu, Esc to quit)
Okay, then.
Drink which item? (? for menu, Esc to quit)
Okay, then.
Evoke which item? (* to show all) (? for menu, Esc to quit)
Okay, then.
You struggle against the net.
The gnoll shaman burns!
The gnoll barely misses you.
The gnoll hits you from afar with a halberd!
You die...

♣♣.......#
♣P♣......# .#
♣PP..P..#.. .
♣PP..).#'##..
............
#..........
#..g.......
#####
#gggg..#
...>#
#'@##..#
....# #.(.#
.# ....#
#)..# # ....#
#...# .####
#(### .#
##..# .#####
##.(># .....#
#..### ####.#
##..#


You could see a gnoll shaman (burning) and 4 gnolls.

Vanquished Creatures
  Sigmund (D:3)
  Eustachio (D:6)
  A hippogriff (D:7)
  Menkaure (D:5)
  Edmund (D:6)
  2 orc warriors
  Duvessa (D:7)
  A centaur (D:7)
  An ogre (D:7)
  2 phantoms
  2 giant frogs
  Dowan (D:7)
  A scorpion (D:6)
  2 crimson imps
  6 orc wizards
  2 orc priests
  Crazy Yiuf (D:3)
  Ijyb (D:3)
  2 iguanas (D:6)
  A gnoll shaman (D:7)
  Natasha (thrice) (D:3)
  2 hounds
  7 worker ants
  A hound zombie (D:3)
  A hound skeleton (D:6)
  4 adders
  10 gnolls
  An ooze (D:3)
  An adder skeleton (D:5)
  2 worms
  3 giant geckos
  20 orcs
  3 giant cockroaches
  10 hobgoblins
  10 jackals
  2 kobolds
  4 quokkas
  3 ball pythons
  2 ball python skeletons (D:4)
  10 bats
  A giant gecko skeleton (D:4)
  2 giant gecko zombies (D:6)
  8 giant newts
  9 goblins
  A jackal skeleton (D:7)
  A quokka skeleton (D:6)
  13 rats
165 creatures vanquished.

Vanquished Creatures (others)
  4 fungi (D:7)
4 creatures vanquished.

Grand Total: 169 creatures vanquished

Notes
Turn   | Place    | Note
--------------------------------------------------------------
     0 | D:1      | xeno23 the Tengu Fire Elementalist began the quest for the Orb.
     0 | D:1      | Reached XP level 1. HP: 10/10 MP: 4/4
   218 | D:1      | Reached XP level 2. HP: 16/16 MP: 6/6
   234 | D:1      | Reached skill level 1 in Fighting
   820 | D:2      | Reached XP level 3. HP: 20/20 MP: 7/7
  1419 | D:3      | Reached skill level 4 in Fire Magic
  1419 | D:3      | Reached XP level 4. HP: 18/26 MP: 8/8
  1571 | D:3      | Noticed Natasha
  1592 | D:3      | Gained mutation: You can fly. [Tengu growth]
  1592 | D:3      | Reached XP level 5. HP: 21/31 MP: 9/9
  1596 | D:3      | Killed Natasha
  1614 | D:3      | Noticed Natasha
  1650 | D:3      | Noticed Ijyb
  1694 | D:3      | Killed Natasha
  1724 | D:3      | Killed Ijyb
  1740 | D:3      | Noticed Natasha
  1750 | D:3      | Killed Natasha
  2278 | D:3      | Noticed Crazy Yiuf
  2288 | D:3      | Killed Crazy Yiuf
  2288 | D:3      | Reached XP level 6. HP: 25/37 MP: 10/10
  2356 | D:3      | Noticed Sigmund
  2361 | D:3      | Killed Sigmund
  2361 | D:3      | Reached skill level 5 in Conjurations
  2361 | D:3      | Reached skill level 5 in Fire Magic
  2619 | D:4      | Reached XP level 7. HP: 36/42 MP: 11/11
  3442 | D:5      | Entered Level 5 of the Dungeon
  3567 | D:5      | Reached skill level 6 in Fire Magic
  3578 | D:5      | Noticed Menkaure
  3585 | D:5      | Killed Menkaure
  3585 | D:5      | Reached skill level 5 in Fighting
  3715 | D:5      | Reached XP level 8. HP: 49/49 MP: 12/12
  3839 | D:5      | Reached skill level 7 in Fire Magic
  4293 | D:6      | Noticed Edmund
  4300 | D:6      | Killed Edmund
  4509 | D:6      | Found a runed door.
  4509 | D:6      | Found a glowing golden altar of the Shining One.
  4509 | D:6      | Noticed an angel
  4673 | D:6      | Reached skill level 8 in Fire Magic
  4690 | D:6      | Noticed Eustachio
  4700 | D:6      | Killed Eustachio
  5049 | D:6      | Upgraded the game from 0.17-a0-2118-g63bad21 to 0.17-a0-2122-g03d97ec
  5244 | D:6      | Reached XP level 9. HP: 45/57 MP: 11/13
  5378 | D:6      | Found an iron altar of Okawaru.
  5378 | D:6      | Found a bloodstained altar of Trog.
  5378 | D:6      | Found a shimmering altar of Xom.
  5814 | D:7      | Noticed Dowan
  5835 | D:7      | Killed Dowan
  5842 | D:7      | Learned a level 3 spell: Conjure Flame
  5847 | D:7      | Noticed Duvessa
  5847 | D:7      | Learned a level 4 spell: Sticky Flame
  5872 | D:7      | Reached skill level 9 in Fire Magic
  6238 | D:7      | Upgraded the game from 0.17-a0-2122-g03d97ec to 0.17-a0-2147-gfb20a63
  6319 | D:7      | Found a staircase to the Ecumenical Temple.
  6328 | Temple   | Entered the Ecumenical Temple
  6434 | Temple   | Became a worshipper of Makhleb the Destroyer
  6535 | D:7      | Killed Duvessa
  6885 | D:7      | Slain by a gnoll

Vault maps used:
D:1:      dpeg_arrival_boxorama
D:2:      first_bread, minmay_misc_feat_roman
D:3:      minmay_splitting_lines, uniq_sigmund, uniq_iyjb, uniq_natasha,
          uniq_crazy_yiuf_cottage
D:5:      grunt_ministairs_14, corexii_corridor_pit, kennysheep_small_circle,
          uniq_menkaure
D:6:      gammafunk_temple_overflow_claw, interstate_on_off, lemuel_angel_altar,
          uniq_edmund, uniq_eustachio
D:7:      kennysheep_seaside_town, minmay_temple_entry_statues_pillars,
          lemuel_flamethrower_1, uniq_duvessa
Temple:   lightli_temple_of_artemis

Action                   |  1- 3 |  4- 6 |  7- 9 || total
-------------------------+-------+-------+-------++-------
Melee: Club              |    44 |       |       ||    44
       Unarmed           |     1 |       |       ||     1
       Dagger            |    72 |   153 |   244 ||   469
Throw: Tomahawk          |       |     6 |     1 ||     7
 Cast: Flame Tongue      |     5 |       |    26 ||    31
       Conjure Flame     |       |       |     3 ||     3
       Sticky Flame      |       |       |     2 ||     2
 Abil: Fly               |       |       |     3 ||     3
  Use: Scroll            |     5 |     2 |     8 ||    15
       Potion            |       |     1 |     1 ||     2
 Stab: Sleeping          |       |       |     2 ||     2
  Eat: Chunk             |     2 |     4 |    11 ||    17
       Meat ration       |       |       |     1 ||     1
